 Dungeon Crawl Stone Soup version 0.31-a0-705-ga145531891 (webtiles) character file.

Game seed: 373780330407157802

12912 avis the Nimble (level 11, 0/55 HPs)
             Began as a Felid Shapeshifter on Sept 9, 2023.
             Was a Follower of the Shining One.
             Slain by Snorg (15 damage)
             ... on level 11 of the Dungeon.
             The game lasted 01:14:35 (16313 turns).

avis the Nimble (Felid Shapeshifter)               Turns: 16313, Time: 01:14:35

Health: 0/55       AC:  2    Str: 18    XL:     11   Next: 68%
Magic:  12/12      EV: 26    Int: 12    God:    the Shining One [*.....]
Gold:   871        SH:  0    Dex: 18    Spells: 10/10 levels left
                                        Lives:  0   Deaths: 4

rFire   . .          .
                       - Unarmed
rCold   . . .        (shield unavailable)
rNeg    . . .        (body armour unavailable)
rPois   .            (helmet unavailable)
rElec   .            (cloak unavailable)
rCorr   .            (gloves unavailable)
SInv    +            (boots unavailable)
Will    +....        C - amulet of faith
Stlth   +            r - +6 ring of strength
HPRegen 0.29/turn    y - ring of flight
MPRegen 0.13/turn

%: faith
@: flux-form, flying, glowing, quick
A: glow, contaminating, very small, claws 1, fangs 3, see invisible, speed 1,
shaggy fur 2, stealthy paws, no weapons or thrown items, no armour, multi-lived
a: Begin Untransformation, Renounce Religion, Divine Shield


You were on level 11 of the Dungeon.
You worshipped the Shining One.
The Shining One was aware of your devotion.
You were something dangerously unstable.
You visited 2 branches of the dungeon, and saw 12 of its levels.
You also visited: Sewer, Ossuary and Bailey.

You collected 871 gold pieces.

Inventory:

Jewellery
 h - a ring of magical power
 m - a ring of magical power
 o - a +6 ring of intelligence
 r - a +6 ring of strength (left paw)
 y - a ring of flight (right paw)
 C - an amulet of faith (around neck)
Talismans
 b - a beast talisman
 f - a flux talisman (active)
Wands
 j - a wand of flame (15)
 n - a wand of iceblast (3)
 q - a wand of light (1)
 E - a wand of polymorph (8)
Scrolls
 a - 4 scrolls of blinking
 c - 4 scrolls of fear
 d - 11 scrolls of teleportation
 g - a scroll of fog {unknown}
 k - 5 scrolls of vulnerability
 s - a scroll of poison {unknown}
 t - 4 scrolls of immolation {unknown}
 w - 2 scrolls of enchant weapon {unknown}
 x - a scroll of torment {unknown}
 D - a scroll of noise {unknown}
 G - 2 scrolls of identify
Potions
 e - 3 potions of might
 i - 3 potions of resistance
 l - 4 potions of cancellation
 p - 2 potions of invisibility {unknown}
 u - 4 potions of attraction
 v - a potion of ambrosia {unknown}
 z - a potion of brilliance {unknown}
 A - a potion of lignification
 B - 3 potions of haste {unknown}
 F - 2 potions of curing
 I - a potion of enlightenment {unknown}
 J - a potion of degeneration {unknown}
Miscellaneous
 H - a box of beasts
 K - a phantom mirror


   Skills:
 * Level 11.1 Fighting
 - Level 12.0 Dodging
 - Level 6.0 Unarmed Combat
 - Level 12.0 Shapeshifting


You had 10 spell levels left.
You didn't know any spells.
Your spell library contained the following spells:

 Spells                   Type           Power      Damage    Failure   Level
 Apportation              Tloc           0%         N/A       32%         1
 Freeze                   Ice            0%         1d3       32%         1
 Necrotise                Necr           0%         1d4       32%         1
 Slow                     Hex            0%         N/A       32%         1
 Summon Small Mammal      Summ           0%         N/A       32%         1
 Ensorcelled Hibernation  Hex/Ice        0%         N/A       45%         2
 Jinxbite                 Hex            0%         N/A       45%         2
 Scorch                   Fire           0%         2d5       45%         2
 Searing Ray              Conj           0%         2d4       45%         2
 Confusing Touch          Hex            0%         N/A       69%         3
 Frozen Ramparts          Ice            0%         1d1       69%         3
 Hailstorm                Conj/Ice       0%         3d3       69%         3
 Sigil of Binding         Hex            0%         N/A       69%         3
 Vampiric Draining        Necr           0%         2d6       69%         3
 Anguish                  Hex/Necr       0%         N/A       97%         4


Dungeon Overview and Level Annotations

Branches:
Dungeon (11/15)            Temple (1/1) D:5            Lair (0/5) D:11
    Orc (0/2) D:11          Sewer (visited)         Ossuary (visited)
 Bailey (visited)

Altars:
Ashenzari
Cheibriados
Dithmenos
Elyvilon
Fedhas
Gozag
Hepliaklqana
Kikubaaqudgha
Makhleb
Nemelex Xobeh
Okawaru
Qazlal
Ru
Sif Muna
Trog
Uskayaw
Vehumet
Wu Jian
Xom
Yredelemnul
Zin
The Shining One
Jiyva

Shops:
D:7 (   D:9 !   D:11 ([[

Annotations:
D:3 1 runed translucent door, exclusion: door, Crazy Yiuf
D:4 3 runed translucent doors, Arunde's ghost, novice DsNe; blessed's ghost, amateur MiBe
D:11 Snorg


Innate Abilities, Weirdness & Mutations

You are something dangerously unstable.
You glow with magical radiation, making you easy to see and hit.
Foes you strike become dangerously contaminated with magical radiation.
You have sharp claws.
You have razor-sharp teeth.
You have supernaturally acute eyesight. (SInv)
You cover ground quickly. (Speed+)
You are covered in thick fur. (AC +2)
Your paws help you pounce on unaware monsters.
You are incapable of wielding weapons or throwing items.
You cannot wear armour.
You gain extra lives every three experience levels.


Message History

You reach down and open the door.
There is an open door here.
As you open the door, it creaks loudly!
Found a phantom mirror.
You see here a phantom mirror.
K - a phantom mirror You reach down and open the door.
Found 25 gold pieces.
There is an open door here.
You now have 871 gold pieces (gained 25).
There is an open door here.
Snorg the Insatiable comes into view.
Snorg shouts!
Snorg draws her long claws delicately across her gut.
You claw Snorg!
Snorg begins to glow.
Snorg is lightly wounded.
You scratch Snorg.
Snorg glows dangerously bright.
Snorg is lightly wounded.
Snorg bites you! Snorg misses you. Snorg completely misses you.
You scratch Snorg.
Snorg shudders as magic cascades through her.
Snorg twists and deforms.
Snorg is moderately wounded.
Snorg bites you. Snorg claws you! Snorg misses you.
You scratch Snorg.
Snorg begins to glow.
Snorg is moderately wounded.
Snorg misses you. x2; Snorg barely misses you.
You barely miss Snorg.
Snorg is moderately wounded.
Snorg goes berserk!
You scratch Snorg.
Snorg glows dangerously bright.
Snorg is moderately wounded.
Snorg bites you. Snorg misses you. Snorg claws you!
* * * LOW HITPOINT WARNING * * *
You scratch Snorg.
Snorg shudders as magic cascades through her!!
Snorg twists and deforms.
Snorg is heavily wounded.
Snorg completely misses you. Snorg claws you!
You die...

...### .....###
.......###
.....#...###
.....#.....###
.....#####...###
..∩..#.....#...###
.....+.....###...###
.....#.....# ###B..#
.....#.....# #T....#
.....#.....#
#.......#
)....#.....#
#........
.....#.....#
#........ .....#
#........ .∩...#
#.......# ######
#.......# .....#


You could see Snorg (berserk, misshapen).

Vanquished Creatures
  2 two-headed ogres
  Lodul (D:10)
  Pikel (D:7)
  2 orc knights (Bailey)
  Maggie (D:6)
  Joseph (D:7)
  2 trolls
  Grinder (D:3)
  A slime creature (D:10)
  A wraith (D:10)
  10 yaks
  A vampire (D:9)
  A wyvern (D:8)
  A steam dragon (D:9)
  2 vampire mosquitoes (D:11)
  An acid dragon (D:10)
  11 orc warriors
  A sky beast (D:8)
  An ice beast (D:7)
  9 ogres
  3 centaurs
  Blork the orc (D:6)
  2 kobold brigands
  A gnoll sergeant (D:6)
  3 bullfrogs
  16 scorpions
  14 wights
  5 killer bees (D:9)
  8 howler monkeys
  3 centaur zombies (Ossuary)
  5 orc priests
  3 hounds
  3 human zombies (Ossuary)
  5 jellies
  2 iguanas (D:4)
  3 sleepcaps
  6 scorpion zombies (Ossuary)
  Natasha (thrice) (D:2)
  10 orc wizards
  3 mummies (Ossuary)
  4 gnolls
  5 adders
  2 shadow imps (D:7)
  2 ufetubi
  4 worms
  4 dart slugs
  33 orcs
  5 ball pythons (D:1)
  7 endoplasms
  4 giant cockroaches
  12 goblins
  7 hobgoblins
  13 jackals
  3 quokkas
  8 bats
  3 frilled lizards
  3 goblin zombies (Ossuary)
  2 hobgoblin zombies (Ossuary)
  15 kobolds
  A kobold zombie (Ossuary)
  2 orc zombies (Ossuary)
  15 rats
304 creatures vanquished.

Vanquished Creatures (others)
  A hydra (D:11)
  A kobold (D:8)
2 creatures vanquished.

Grand Total: 306 creatures vanquished

Notes
Turn   | Place    | Note
-------+----------+-------------------------------------------
     0 | D:1      | avis the Felid Shapeshifter began the quest for the Orb.
     0 | D:1      | Reached XP level 1. HP: 9/9 MP: 2/2
   101 | D:1      | Reached XP level 2. HP: 10/13 MP: 3/3
   431 | D:1      | Reached XP level 3. HP: 16/16 MP: 4/4
   681 | D:1      | HP: 1/24 [poisoned by an adder]
  1209 | D:2      | Reached XP level 4. HP: 19/19 MP: 5/5
  1596 | D:3      | Found a runed translucent door.
  1597 | D:3      | Noticed Crazy Yiuf
  1612 | D:3      | Noticed Natasha
  1663 | D:3      | Noticed Grinder
  1764 | D:2      | Killed Natasha
  1765 | D:2      | Reached skill level 5 in Shapeshifting
  1781 | D:2      | Noticed Natasha
  1805 | D:3      | Slain by Grinder
  1834 | D:3      | Killed Grinder
  1835 | D:3      | Reached skill level 5 in Dodging
  1835 | D:3      | Reached XP level 5. HP: 24/24 MP: 6/6
  1835 | D:3      | Gained mutation: You are covered in thick fur. (AC +2)
                  | [Felid growth]
  1835 | D:3      | Reached XP level 6. HP: 28/28 MP: 7/7
  2689 | D:2      | Killed Natasha
  2812 | D:2      | Noticed Natasha
  2817 | D:2      | Killed Natasha
  3076 | D:4      | Found a runed translucent gate.
  3076 | D:4      | Found a runed translucent gate.
  3077 | D:4      | Found a runed translucent gate.
  3078 | D:4      | Noticed blessed's ghost (amateur MiBe)
  3079 | D:4      | Noticed Arunde's ghost (novice DsNe)
  3519 | D:4      | Reached XP level 7. HP: 14/33 MP: 8/8
  3905 | D:4      | Reached skill level 5 in Fighting
  4113 | D:5      | Entered Level 5 of the Dungeon
  4180 | D:5      | Found a glowing drain.
  4195 | Sewer    | Entered a sewer
  4256 | Sewer    | Noticed Pargi
  4503 | D:5      | Found a staircase to the Ecumenical Temple.
  4578 | D:5      | Found a shadowy altar of Dithmenos.
  4625 | D:5      | Found a sand-covered staircase.
  4632 | Ossuary  | Entered an ossuary
  5041 | Ossuary  | Reached XP level 8. HP: 37/37 MP: 9/9
  5589 | Ossuary  | Slain by a scorpion
  6337 | D:6      | HP: 1/38 [orc wizard/+0 dagger (4)]
  6695 | D:6      | Noticed Maggie
  6834 | Temple   | Entered the Ecumenical Temple
  6961 | D:5      | Reached XP level 9. HP: 17/41 MP: 10/10
  7404 | D:6      | Killed Maggie
  7583 | D:6      | Noticed Blork the orc
  7592 | D:6      | Killed Blork the orc
  7998 | D:7      | Found Qejezado's Weapon Shoppe.
  8491 | D:7      | You fall into a shaft and drop 1 floor!
  8577 | D:7      | Reached skill level 10 in Dodging
  8756 | D:7      | Noticed Pikel
  8771 | D:7      | Killed Pikel
  8787 | D:7      | Noticed Joseph
  8803 | D:7      | Killed Joseph
  8804 | D:7      | Reached XP level 10. HP: 16/48 MP: 11/11
  9358 | D:7      | HP: 2/44 [wight/+0 dagger (8)]
 10134 | D:8      | Found a glowing silver altar of Zin.
 10160 | D:8      | Found a blossoming altar of Fedhas.
 10175 | D:8      | Reached skill level 10 in Shapeshifting
 10367 | D:8      | Slain by an orc warrior
 11116 | D:8      | Upgraded the game from 0.31-a0-703-gcfe89afef6 to
                  | 0.31-a0-705-ga145531891
 11262 | D:9      | Found Xoaf's Distillery.
 12167 | D:9      | Found a shimmering altar of Xom.
 12234 | D:9      | Got Incantation, and How To Use It
 12395 | D:9      | Found a basalt altar of Yredelemnul.
 12395 | D:9      | Found an opulent altar of Gozag.
 12764 | D:9      | Found a glowing golden altar of the Shining One.
 12770 | D:9      | Found an ancient bone altar of Kikubaaqudgha.
 12778 | D:9      | Became a worshipper of the Shining One
 12967 | D:9      | Noticed a two-headed ogre
 12977 | D:9      | Killed a two-headed ogre
 13275 | D:10     | Entered Level 10 of the Dungeon
 13546 | D:10     | Found a flagged portal.
 13559 | Bailey   | Entered a bailey
 13840 | Bailey   | Reached XP level 11. HP: 34/52 MP: 12/12
 13949 | Bailey   | HP: 2/52 [orc warrior/+0 glaive (24)]
 14144 | Bailey   | Identified the +4 executioner's axe of Extremism {heavy,
                  | rF+ rC- Str+8 Stlth+}
 14153 | Bailey   | Noticed an orc knight
 14153 | Bailey   | Noticed an orc knight
 14164 | Bailey   | HP: 1/53 [orc knight/+0 glaive (17)]
 14172 | Bailey   | Slain by an orc knight
 14224 | Bailey   | Killed an orc knight
 14232 | Bailey   | Killed an orc knight
 14334 | D:10     | Reached skill level 5 in Unarmed Combat
 15217 | D:10     | Found a hazy altar of Hepliaklqana.
 15321 | D:11     | Found a viscous altar of Jiyva.
 15321 | D:11     | Found a staircase to the Lair.
 15422 | D:11     | Noticed a two-headed ogre
 15431 | D:11     | Killed a two-headed ogre
 15432 | D:11     | Reached skill level 10 in Fighting
 15650 | D:11     | Reached * piety under the Shining One
 15743 | D:11     | Noticed Lodul
 16075 | D:10     | Killed Lodul
 16114 | D:11     | Found Nigolir's Antique Armour Shop.
 16149 | D:11     | Found a staircase to the Orcish Mines.
 16153 | D:11     | Noticed a tengu warrior
 16153 | D:11     | Noticed a rakshasa
 16161 | D:11     | Found Cicw's Armour Shop.
 16168 | D:11     | Found Tolepam's Weapon Shoppe.
 16169 | D:11     | Found Popn's Antique Armour Emporium.
 16186 | D:11     | Killed a five-headed hydra
 16304 | D:11     | Noticed Snorg
 16313 | D:11     | Slain by Snorg

Illustrated notes

Levels and vault maps discovered:
D:1:      orjb1_lava_funnel, layout_loops_ring
D:2:      layout_rooms, minmay_rat_gold_closets
D:3:      layout_basic, uniq_grinder, uniq_natasha, uniq_crazy_yiuf_cottage
D:4:      layout_loops_corners, gammafunk_ghost_cemetery
D:5:      layout_loops_ring, mainiacjoe_overflow_24_doors, temple_statues,
          enter_ossuary_1, cheibrodos_sewer_entry_drain, serial_glass,
          glass_columns_a, glass_columns_a
D:6:      layout_rooms, minmay_a_box_with_orc_wizards_in_it, uniq_blork_the_orc,
          uniq_maggie
D:7:      layout_rooms, serial_shops, shop, uniq_pikel, uniq_joseph
D:8:      layout_loops_cross, mainiacjoe_overflow_alcove_1,
          fedhas_ov_isle_minmay, st_stairs_11
D:9:      layout_basic, gammafunk_temple_overflow_pools,
          mainiacjoe_overflow_paths, mainiacjoe_overflow_big_doors,
          serial_shops, nicolae_shop_industrial_runoff
D:10:     layout_basic, general_overflow_altar, enter_bailey_3,
          minmay_misc_feat_room, bh_walls_and_bars
D:11:     minmay_the_grid_triangle_9x9_recursive_3
          [minmay_the_grid_triangle_9x9_dagger,
          minmay_the_grid_triangle_9x9_fully_insulated_deathbox,
          minmay_the_grid_triangle_9x9_intruding_spiral,
          minmay_the_grid_triangle_9x9_prize_special,
          minmay_the_grid_triangle_9x9_flanged_cone,
          minmay_the_grid_triangle_9x9_empty,
          minmay_the_grid_triangle_9x9_tough_junction,
          minmay_the_grid_triangle_9x9_semitri,
          minmay_the_grid_triangle_9x9_windchime], layout_gridville,
          orc_0_dummy, serial_shops, shop, shop, nicolae_shop_window_shopping,
          nicolae_shop_mannequins, shop_statue, jiyva_altar_1, uniq_lodul,
          uniq_snorg, uniq_erica
Temple:   cyrus_circular_temple

Skill      XL: |  1  2  3  4  5  6  7  8  9 10 11 |
---------------+----------------------------------+-----
Fighting       | 2 3 4 5 6 8 11 | 11.1
Dodging        | 3 5 6 9 11 12 | 12.0
Shapeshifting  | 4 5 8 9 12 | 12.0
Unarmed Combat | 6 |  6.0

Action                     |  1- 3 |  4- 6 |  7- 9 | 10-12 || total
---------------------------+-------+-------+-------+-------++-------
  Melee: Unarmed           |   110 |   111 |   498 |   540 ||  1259
         Bite              |     7 |    10 |    74 |    91 ||   182
         Punch             |     2 |     6 |    11 |       ||    19
  Evoke: Wand              |       |       |     2 |     6 ||     8
    Use: Potion            |     2 |     1 |     6 |     6 ||    15
         Scroll            |       |       |     6 |     3 ||     9
   Stab: Sleeping          |     6 |     2 |       |       ||     8
         Distracted        |     1 |       |       |       ||     1
         Invisible         |       |       |     3 |       ||     3
 Armour: Skin              |    27 |    29 |   166 |   154 ||   376
  Dodge: Dodged            |    65 |    66 |   438 |   656 ||  1225
   Form: Flux              |       |       |     1 |       ||     1

Table legend: (Time is in decaauts)
 A = Elapsed time spent in this place.
 B = Non-inter-level travel time spent in this place.
 C = Inter-level travel time spent in this place.
 D = Time resting spent in this place.
 E = Time spent auto-exploring this place.
 F = Levels seen in this place.
 G = Mean time per level.
                   A        B        C        D        E       F      G
               +--------+--------+--------+--------+--------+-----+--------+
         Total |  14567 |  13579 |    988 |   5349 |   4146 |  15 |  971.1 |
       Dungeon |  12702 |  11714 |    988 |   4434 |   4146 |  11 | 1154.7 |
        Temple |      1 |      1 |      0 |      0 |      0 |   1 |    1.0 |
         Sewer |     96 |     96 |      0 |      0 |      0 |   1 |   96.0 |
       Ossuary |   1111 |   1111 |      0 |    592 |      0 |   1 | 1111.0 |
        Bailey |    654 |    654 |      0 |    323 |      0 |   1 |  654.0 |
               +--------+--------+--------+--------+--------+-----+--------+

Top non-repeatable levels by time:
     D:9: 2266 daAuts
     D:5: 1546 daAuts
     D:7: 1508 daAuts
     D:8: 1215 daAuts
    D:10: 1172 daAuts
 Ossuary: 1111 daAuts
     D:6: 1063 daAuts
     D:4: 1038 daAuts
     D:2: 934 daAuts
     D:3: 912 daAuts
     D:1: 697 daAuts
  Bailey: 654 daAuts
    D:11: 346 daAuts
   Sewer: 96 daAuts
  Temple: 1 daAuts
